 Dungeon Crawl Stone Soup version 0.31-a0-1376-g36f0627844 (webtiles) character file.

Game seed: 10221165035657093511

68629 Jannitor the Warrior (level 15, 0/167 HPs)
             Began as an Oni Delver on Dec 24, 2023.
             Was a Plaything of Xom.
             Slain by a red devil
             ... wielding a +0 demon trident
             ... summoned by an orc high priest
              (7 damage)
             ... on level 2 of the Orcish Mines.
             The game lasted 00:32:50 (18045 turns).

Jannitor the Warrior (Oni Delver)                  Turns: 18045, Time: 00:32:56

Health: 0/167      AC:  6    Str: 28    XL:     15   Next: 27%
Magic:  15/15      EV: 16    Int: 13    God:    Xom [....*.]
Gold:   1369       SH:  0    Dex: 20    Spells: 14/14 levels left

rFire   . . .        t - +7 Throatcutter {drain, coup de grace}
rCold   . . .        (no shield)
rNeg    . . .        r - +1 troll leather armour
rPois   +            (helmet restricted)
rElec   .            (no cloak)
rCorr   .            (gloves unavailable)
SInv    .            (boots unavailable)
Will    +....        f - amulet of Trepidation {Acrobat Slay+4}
Stlth   ++++         o - ring "Gasunech" {Str+4 Dex+6}
HPRegen 1.27/turn    z - ring of Honeis {rPois Int+2}
MPRegen 0.14/turn

%: acrobat
@: no status effects
A: large, unfitting armour, horns 2, tough skin 1, double potion healing,
drunken brawling, thin skeletal structure 1, mutation resistance 1, wild magic 1
a: Renounce Religion


You were on level 2 of the Orcish Mines.
You worshipped Xom.
You were a beloved toy of Xom.
You visited 3 branches of the dungeon, and saw 17 of its levels.

You collected 1396 gold pieces.
You spent 27 gold pieces at shops.

Inventory:

Hand Weapons
 i - a +3 scimitar of flaming
 q - a +2 great sword of holy wrath
 t - the +7 Throatcutter (weapon) {drain, coup de grace}
   (You found it on level 4 of the Dungeon)
 M - the +7 rapier of Eternal Night {speed, rPois rC++ rN+}
   (You found it on level 4 of the Lair of Beasts)

   rC++:      It greatly protects you from cold.
   rPois:     It protects you from poison rN+: It protects you from negative
   energy.
Missiles
 P - 3 curare-tipped darts
Armour
 b - a +0 robe
 r - a +1 troll leather armour (worn)
 I - +0 steam dragon scales
Jewellery
 e - a ring of fire
 f - the amulet of Trepidation (around neck) {Acrobat Slay+4}
   (You acquired it on level 1 of the Lair of Beasts)

   [amulet of the acrobat]

   Acrobat:   It increases your evasion while moving and waiting.
   Slay+4:    It affects your accuracy & damage with ranged weapons and melee
   (+4).
 o - the ring "Gasunech" (left hand) {Str+4 Dex+6}
   (You found it on level 2 of the Dungeon)

   [ring of dexterity]

   Str+4:     It affects your strength (+4).
   Dex+6:     It affects your dexterity (+6).
 p - a +6 ring of dexterity
 s - a ring of wizardry
 u - a ring of ice
 z - the ring of Honeis (right hand) {rPois Int+2}
   (You found it on level 5 of the Dungeon)

   [ring of poison resistance]

   Int+2:     It affects your intelligence (+2).
   rPois:     It protects you from poison
 F - a ring of ice
 O - an amulet of reflection
Talismans
 J - a maw talisman
Wands
 g - a wand of digging (2)
 y - a wand of flame (4)
 B - a wand of paralysis (7)
Scrolls
 a - 4 scrolls of identify
 c - a scroll of vulnerability
 d - 5 scrolls of revelation
 h - 5 scrolls of teleportation
 l - 3 scrolls of poison
 n - a scroll of brand weapon
 A - a scroll of fear
 E - a scroll of noise
 G - a scroll of amnesia
 K - 3 scrolls of immolation
 N - 2 scrolls of enchant weapon
Potions
 j - a potion of lignification
 v - a potion of might
 w - a potion of resistance
 x - 2 potions of brilliance {unknown}
 C - 3 potions of attraction
 D - 3 potions of curing {unknown}


   Skills:
 + Level 15.5 Fighting
 * Level 14.6 Long Blades
 - Level 2.7(3.2) Axes
 - Level 2.3(3.0) Maces & Flails
 + Level 8.7 Armour
 + Level 10.8 Dodging
 - Level 4.2 Stealth
 + Level 8.4 Evocations


You had 14 spell levels left.
You didn't know any spells.
Your spell library contained the following spells:

 Spells                   Type           Power      Damage    Failure   Level
 Foxfire                  Conj/Fire      0%         2x1d4     43%         1
 Kiss of Death            Conj/Necr      0%         2d5       43%         1
 Cigotuvi's Dreadful Rot  Necr/Alch/Air  0%         N/A       54%         2
 Mercury Vapours          Alch/Air       0%         N/A       54%         2
 Passwall                 Alch/Erth      0%         N/A       54%         2
 Static Discharge         Conj/Air       0%         3-3/arc   54%         2
 Call Canine Familiar     Summ           0%         N/A       78%         3
 Confusing Touch          Hex            0%         N/A       78%         3
 Inner Flame              Hex/Fire       0%         N/A       78%         3
 Sigil of Binding         Hex            0%         N/A       78%         3
 Airstrike                Air            0%         2d(0-16)  99%         4
 Animate Dead             Necr           0%         N/A       99%         4
 Dimensional Bullseye     Hex/Tloc       0%         N/A       99%         4
 Dispel Undead            Necr           0%         3d6       99%         4
 Ignite Poison            Fire/Alch      0%         N/A       99%         4
 Sticky Flame             Fire/Alch      0%         2d4       99%         4
 Summon Lightning Spire   Summ/Air       0%         N/A       99%         4
 Borgnjor's Vile Clutch   Necr/Erth      0%         N/A       100%        5
 Irradiate                Conj/Alch      0%         3d11      100%        5
 Lee's Rapid Deconstruct  Erth           0%         3d4*      100%        5
 Death Channel            Necr           0%         N/A       100%        6
 Plasma Beam              Fire/Air       0%         2x1d10    100%        6
 Starburst                Conj/Fire      0%         6d3       100%        6
 Ignition                 Fire           0%         3d3       100%        8


Dungeon Overview and Level Annotations

Branches:
Dungeon (10/15)            Temple (0/1) D:7            Lair (5/5) D:10
 Shoals (0/4) Lair:2        Snake (0/4) Lair:3        Slime (0/5) Lair:5
    Orc (2/2) D:9             Elf (0/3) Orc:2

Altars:
Elyvilon
Hepliaklqana
Sif Muna
Trog
Xom
Jiyva

Shops:
D:7 (   Orc:1 *   Orc:2 [

Annotations:
D:4 1 transporter
D:8 Jeremiah, Psyche
D:10 1 runed translucent door, bezhaha's ghost, journeyman OnFE
Lair:5 exclusion: oklob plant, Rupert


Innate Abilities, Weirdness & Mutations

You are too large for most types of armour.
You have a pair of horns on your head.
You have tough skin. (AC +1)
You gain doubled healing and magic from potions.
Whenever you drink a healing potion, you attack all around you.
You have a somewhat thin skeletal structure. (Dex +2, Stealth+)
You are somewhat resistant to further mutation.
Your spells are a little harder to cast, but a little more powerful.


Message History

* * * LOW HITPOINT WARNING * * *
The orc high priest hits you with a +0 flail!
* * * LOW HITPOINT WARNING * * *
Something hits you.
* * * LOW HITPOINT WARNING * * *
You can move again.
Okay, then.
Unknown command.
As you read the scroll of fear, it crumbles to dust.
You assume a fearsome visage.
The chaos spawn looks frightened!
The orange demon looks frightened!
The smoke demon looks frightened!
The hellwing easily resists.
The soul eater resists with almost no effort.
The orange demon looks frightened!
The orc high priest looks frightened!
The orc sorcerer looks frightened!
The orc high priest looks frightened!
The orc knight looks frightened!
The orc wizard looks frightened!
The orc priest looks frightened!
Xom adds some personal touches to your environment.
The hellwing hits you.
* * * LOW HITPOINT WARNING * * *
The hellwing hits you.
* * * LOW HITPOINT WARNING * * *
The orc wizard casts a spell.
The orc wizard flickers and vanishes!
The soul eater hits your butterfly!
Your butterfly dies!
Your butterfly disappears in a puff of smoke!
The orc high priest barely misses your butterfly.
Okay, then.
Unknown command.
Okay, then.
Unknown command.
Okay, then.
Unknown command.
Aiming: Paralyse
Press: ? - help, Shift-Dir - straight line, f - hellwing
Aim: a hellwing (summoned, chance to affect: 33%)
The hellwing suddenly stops moving!
The red devil hits you from afar with a +0 demon trident!
You die...
Xom roars with laughter!

##.............[.)....)...####
##................##........#.##
#...............###............##
#..............##.).............#
............).##...)...........##
..#....##.#.)##.bb..#####..#...#.
...)....##).)#b.b.### #....#.....
.[.......[...#b4b## ####..#....
))[......)...#o.@## ####..#.
)<#..#...<...##.){# #.###
[)§§§§§.......#bo34.÷.o÷. ##.#
(..§§§........##4o....°.. #.##
..##§§§...#....##34.4...÷ #...
...§§§..........#........ ##...
...§8§§.#.#.....###...... ##....
...§§§..#.#.......##÷.... #)....
..§§§§.............####### #.##.#


You could see an orc knight (fleeing), a soul eater (summoned), an orc high
priest (strong, fleeing, drained), 2 orange demons, a hellwing (summoned,
paralysed), a smoke demon (summoned, fleeing), a red devil (summoned), a chaos
spawn (summoned, fleeing) and an orc priest (strong, fleeing).

Vanquished Creatures
  An orc warlord (D:9)
  An ettin (Orc:1)
  5 hydras
  Erica (D:9)
  2 catoblepae (Lair:5)
  4 two-headed ogres
  A deep troll shaman (Lair:5)
  10 death yaks
  Sonja (Lair:5)
  An orc high priest (Orc:1)
  Amaemon (D:8)
  Pikel (D:7)
  3 orc knights
  A necromancer (Lair:4)
  6 orc sorcerers
  34 elephants
  A merfolk siren (Lair:2)
  4 black mambas
  A gargoyle (D:10)
  7 cane toads
  3 kobold blastminers (Orc:2)
  3 kobold demonologists (D:10)
  3 rime drakes
  Maggie (D:8)
  13 komodo dragons
  3 trolls
  4 polar bears
  A tyrant leech (D:10)
  3 hornets
  Prince Ribbit (D:9)
  22 blink frogs
  3 wyverns
  40 yaks
  2 basilisks
  6 wargs
  A steam dragon (Lair:3)
  3 swamp worms (D:10)
  3 nagas (Lair:3)
  Edmund (D:6)
  Duvessa (D:6)
  9 water moccasins
  4 ice beasts
  16 orc warriors
  2 sky beasts
  31 wolves
  6 ogres
  2 elephant zombies (Lair:4)
  2 centaurs (D:10)
  A phantom (D:6)
  A kobold brigand (D:10)
  2 komodo dragon zombies (Lair:4)
  10 bullfrogs
  A scorpion (D:7)
  3 wights (D:8)
  Dowan (D:6)
  19 killer bees
  5 electric eels
  5 howler monkeys
  9 crimson imps
  A bombardier beetle (D:5)
  A basilisk zombie (Lair:4)
  4 jellies
  2 hounds
  13 orc priests
  A gnoll bouda (D:10)
  3 iguanas
  A sleepcap (D:6)
  20 orc wizards
  4 gnolls (D:10)
  12 adders
  3 shadow imps
  4 white imps
  2 ufetubi (D:5)
  6 dart slugs
  6 worms
  48 orcs
  4 ball pythons
  6 bats
  15 endoplasms
  A giant cockroach (D:1)
  7 goblins
  5 hobgoblins
  5 jackals
  9 kobolds
  2 quokkas
  5 frilled lizards
  12 rats
534 creatures vanquished.

Vanquished Creatures (collateral kills)
  2 elephants
  A gargoyle (D:10)
  An orange demon (D:8)
  An orc warrior (D:8)
  A wight (D:8)
6 creatures vanquished.

Vanquished Creatures (others)
  An elephant (Lair:5)
  An orc (Orc:2)
  A quokka (D:4)
3 creatures vanquished.

Grand Total: 543 creatures vanquished

Notes
Turn   | Place    | Note
-------+----------+-------------------------------------------
     0 | D:5      | Jannitor the Oni Delver began the quest for the Orb.
     0 | D:5      | Reached XP level 1. HP: 24/24 MP: 1/1
    17 | D:5      | Noticed a howler monkey
   185 | D:3      | Reached XP level 2. HP: 28/32 MP: 2/2
   588 | D:2      | Reached XP level 3. HP: 39/40 MP: 3/3
   807 | D:2      | Reached skill level 1 in Axes
   807 | D:2      | Reached XP level 4. HP: 41/49 MP: 4/4
  1521 | D:1      | Reached skill level 5 in Fighting
  1832 | D:2      | Reached XP level 5. HP: 56/57 MP: 5/5
  1936 | D:2      | Identified the ring "Gasunech" {Str+4 Dex+6}
  2394 | D:2      | Found a shimmering altar of Xom.
  2403 | D:2      | Became a worshipper of Xom of Chaos
  2420 | D:2      | XOM: silly message
  2758 | D:3      | XOM: cloud trail
  2770 | D:3      | Found a shimmering blue altar of Sif Muna.
  3027 | D:4      | XOM: silly message
  3091 | D:4      | Found the +7 Throatcutter {drain, coup de grace}
  3098 | D:4      | Reached XP level 6. HP: 66/66 MP: 6/6
  3219 | D:4      | Found a transporter.
  3275 | D:4      | Found a transporter.
  3370 | D:4      | XOM: silly message
  3372 | D:4      | XOM: silly message
  3488 | D:4      | Found a white marble altar of Elyvilon.
  3511 | D:4      | XOM: silly message
  4044 | D:4      | XOM: silly message
  4165 | D:5      | XOM: silly message
  4207 | D:5      | Noticed an ice beast
  4211 | D:5      | Reached skill level 1 in Long Blades
  4216 | D:5      | Killed an ice beast
  4274 | D:5      | XOM: silly message
  4286 | D:5      | Reached skill level 6 in Fighting
  4292 | D:5      | Reached XP level 7. HP: 75/75 MP: 7/7
  4490 | D:5      | XOM: silly message
  4713 | D:5      | XOM: silly message
  4748 | D:5      | Identified the ring of Honeis {rPois Int+2}
  5337 | D:5      | Found a shimmering altar of Xom.
  5357 | D:5      | Reached XP level 8. HP: 78/84 MP: 8/8
  5366 | D:5      | Reached skill level 7 in Fighting
  5377 | D:5      | XOM: cast spell 'Animate Armour'
  5668 | D:6      | Noticed Edmund
  5681 | D:6      | Killed Edmund
  5682 | D:6      | Reached skill level 5 in Long Blades
  5788 | D:6      | Reached skill level 5 in Dodging
  5794 | D:6      | Reached skill level 8 in Fighting
  5870 | D:6      | XOM: cloud trail
  5883 | D:6      | Found a hazy altar of Hepliaklqana.
  6061 | D:6      | XOM: 1-stop teleportation journey
  6065 | D:6      | XOM: summons 8 friendly demons
  6119 | D:6      | XOM is BORED!
  6119 | D:6      | XOM: give mutation
  6119 | D:6      | Gained mutation: You have a pair of horns on your head.
                  | [Xom's mischief]
  6266 | D:6      | Noticed Duvessa
  6267 | D:6      | Noticed Dowan
  6271 | D:6      | Killed Duvessa
  6272 | D:6      | Reached XP level 9. HP: 67/97 MP: 9/9
  6272 | D:6      | Killed Dowan
  6315 | D:6      | XOM: give mutations
  6315 | D:6      | Gained mutation: You have an increased reservoir of magic.
                  | (+10% MP) [Xom's grace]
  6315 | D:6      | Gained mutation: You are robust. (+10% HP) [Xom's grace]
  6315 | D:6      | Gained mutation: You are somewhat resistant to further
                  | mutation. [Xom's grace]
  6315 | D:6      | Gained mutation: You have a somewhat thin skeletal
                  | structure. (Dex +2, Stealth+) [Xom's grace]
  6377 | D:6      | XOM: god gift: wand of acid (5)
  6401 | D:6      | XOM: summons 5 hostile demons
  6425 | D:6      | XOM: god gift: 2 scrolls labelled XOIPOVV TIGIAN {god gift}
  6661 | D:7      | Found a staircase to the Ecumenical Temple.
  6724 | D:7      | Found Vaghiw's Antique Weapon Shop.
  6724 | D:7      | Noticed a hornet
  6730 | D:7      | Killed a hornet
  6731 | D:7      | Reached skill level 1 in Evocations
  6857 | D:7      | XOM: cloud trail
  6966 | D:7      | XOM: cloud trail
  7073 | D:7      | Noticed Pikel
  7080 | D:7      | Killed Pikel
  7081 | D:7      | Reached skill level 9 in Fighting
  7284 | D:7      | XOM: swap monsters
  7415 | D:8      | Noticed Maggie
  7431 | D:8      | Killed Maggie
  7455 | D:8      | XOM: confuse monster(s)
  7459 | D:8      | Reached XP level 10. HP: 94/117 MP: 11/11
  7515 | D:8      | XOM: enchant monster (good)
  7538 | D:8      | Reached skill level 10 in Fighting
  7550 | D:8      | XOM: 1-stop teleportation journey
  7567 | D:8      | Noticed an orange demon
  7568 | D:8      | Noticed Amaemon
  7570 | D:8      | Noticed Jeremiah
  7581 | D:8      | Killed an orange demon
  7582 | D:8      | Reached skill level 1 in Armour
  7585 | D:8      | Killed Amaemon
  7585 | D:8      | Noticed Psyche
  7586 | D:8      | Something stole 214 gold
  7587 | D:8      | Something stole an amulet of regeneration
  7589 | D:8      | Something stole a +0 hand axe of electrocution
  7654 | D:8      | XOM: 1-stop teleportation journey
  7702 | D:9      | Noticed Prince Ribbit
  7708 | D:9      | Killed Prince Ribbit
  7824 | D:9      | Noticed Erica
  7846 | D:9      | XOM: scenery: summon butterflies
  8018 | D:9      | XOM: scenery: 1 doors close
  8046 | D:9      | Noticed a two-headed ogre
  8103 | D:9      | XOM: potion effect (might)
  8263 | D:9      | XOM: noise
  8264 | D:9      | XOM: potion effect (brilliance)
  8293 | D:9      | XOM: smoke on damage
  8437 | D:9      | Noticed a moth of wrath
  8467 | D:9      | Killed Erica
  8468 | D:9      | Reached XP level 11. HP: 121/130 MP: 12/12
  8540 | D:9      | XOM: give mutations
  8540 | D:9      | Gained mutation: Your spells are a little harder to cast,
                  | but a little more powerful. [Xom's grace]
  8540 | D:9      | Gained mutation: You are resistant to electric shocks.
                  | (rElec) [Xom's grace]
  8540 | D:9      | Gained mutation: Your muscles are strong. (Str +4, Int/Dex
                  | -1) [Xom's grace]
  8540 | D:9      | Gained mutation: You have a pair of large horns on your
                  | head. [Xom's grace]
  8668 | D:9      | Found a staircase to the Orcish Mines.
  8700 | D:9      | XOM: give mutations
  8700 | D:9      | Gained mutation: You are very robust. (+20% HP) [Xom's
                  | grace]
  8700 | D:9      | Gained mutation: You have large cloven feet. [Xom's grace]
  8700 | D:9      | Gained mutation: Your spells are harder to cast, but more
                  | powerful. [Xom's grace]
  8839 | D:9      | XOM: 1-stop teleportation journey
  8991 | D:9      | Reached skill level 11 in Fighting
  9113 | D:9      | XOM: give mutations
  9113 | D:9      | Lost mutation: You are resistant to electric shocks.
                  | (rElec) [Xom's mischief]
  9113 | D:9      | Lost mutation: You have a pair of large horns on your head.
                  | [Xom's mischief]
  9113 | D:9      | Lost mutation: You have an increased reservoir of magic.
                  | (+10% MP) [Xom's mischief]
  9217 | D:9      | Found a bloodstained altar of Trog.
  9245 | D:9      | XOM: noise
  9288 | D:10     | Entered Level 10 of the Dungeon
  9313 | D:10     | XOM: scenery: summon butterflies
  9323 | D:10     | XOM: scenery: create altars
  9339 | D:10     | Got Sif Muna's Elucidation of the Fault and Chrysopoeia
  9460 | D:10     | XOM: cloud trail
  9593 | D:10     | Noticed a two-headed ogre
  9598 | D:10     | Killed a two-headed ogre
  9612 | D:10     | Found a staircase to the Lair.
  9725 | D:10     | Reached skill level 10 in Long Blades
  9758 | D:10     | XOM: noise
  9768 | D:10     | XOM: divination: detect items
  9781 | D:10     | XOM: potion effect (brilliance)
  9786 | D:10     | XOM: cast spell 'Monstrous Menagerie'
 10091 | D:10     | Found a runed translucent door.
 10092 | D:10     | Noticed a five-headed hydra
 10093 | D:10     | Noticed bezhaha's ghost (journeyman OnFE)
 10591 | Lair:1   | Entered Level 1 of the Lair of Beasts
 10661 | Lair:1   | Identified a scroll of acquirement
 10662 | Lair:1   | Acquired the amulet of Trepidation {Acrobat Slay+4}
 10705 | Lair:1   | XOM: summons 5 friendly demons
 10707 | Lair:1   | Reached skill level 5 in Evocations
 10710 | Lair:1   | XOM: enchant monster (bad)
 10714 | Lair:1   | Reached XP level 12. HP: 97/158 MP: 12/12
 10843 | Lair:1   | XOM: chaos cloud
 10845 | Lair:1   | Reached skill level 12 in Fighting
 10861 | Lair:1   | XOM: enchant monster (bad)
 10864 | Lair:1   | XOM: 4-stop teleportation journey
 10963 | Lair:1   | XOM: swap monsters
 10966 | Lair:1   | XOM: potion effect (heal wounds)
 11425 | Lair:2   | XOM: enchant monster (good)
 11430 | Lair:2   | XOM: enchant monster (good)
 11454 | Lair:2   | Reached skill level 5 in Armour
 11503 | Lair:2   | XOM: summons 5 friendly demons
 11504 | Lair:2   | XOM: snakes to sticks
 11515 | Lair:2   | XOM: divine lightning
 11519 | Lair:2   | XOM: divination: detect items
 11670 | Lair:2   | XOM: god gift: scroll labelled OPODIZOSCHA {god gift}
 11760 | Lair:2   | XOM: potion effect (haste)
 11798 | Lair:2   | XOM: noise
 11886 | Lair:2   | XOM: noise
 11922 | Lair:2   | XOM: cast spell 'Summon Cactus Giant'
 11925 | Lair:2   | Reached skill level 13 in Fighting
 12024 | Lair:2   | Found a staircase to the Shoals.
 12059 | Lair:2   | XOM: draining
 12367 | Lair:2   | Reached XP level 13. HP: 150/153 MP: 13/13
 12588 | Lair:3   | XOM: silly message
 12846 | Lair:3   | XOM is BORED!
 12846 | Lair:3   | XOM: noise
 12892 | Lair:3   | XOM: silly message
 12918 | Lair:3   | XOM: god gift: 33 gold pieces
 12919 | Lair:3   | XOM: silly message
 13058 | Lair:3   | Found a staircase to the Snake Pit.
 13435 | Lair:4   | XOM: enchant monster (bad)
 13545 | Lair:4   | Identified the +7 rapier of Eternal Night {speed, rPois
                  | rC++ rN+}
 13621 | Lair:4   | XOM: 1-stop teleportation journey
 13758 | Lair:4   | XOM: noise
 13787 | Lair:4   | XOM: silly message
 13842 | Lair:4   | XOM: summons friendly white imp
 13990 | Lair:4   | XOM: cloud trail
 14009 | Lair:4   | XOM: scenery: create altars
 14088 | Lair:4   | XOM: enchant monster (good)
 14186 | Lair:4   | XOM: summons friendly ufetubus
 14191 | Lair:4   | Reached skill level 14 in Fighting
 14193 | Lair:4   | XOM: summons friendly shadow imp
 14429 | Lair:4   | XOM: fog
 14571 | Lair:4   | Reached XP level 14. HP: 180/187 MP: 14/14
 14571 | Lair:4   | XOM: polymorph death yak -> jorogumo
 14577 | Lair:4   | XOM: polymorph jorogumo -> two-headed ogre
 14779 | Lair:5   | Entered Level 5 of the Lair of Beasts
 14873 | Lair:5   | XOM: noise
 14876 | Lair:5   | Noticed Sonja
 14876 | Lair:5   | XOM: noise
 14894 | Lair:5   | Killed Sonja
 14895 | Lair:5   | Reached skill level 10 in Dodging
 14914 | Lair:5   | XOM: summons 3 hostile demons
 14916 | Lair:5   | XOM: confusion
 14969 | Lair:5   | XOM: silly message
 14979 | Lair:5   | XOM: give mutations
 14979 | Lair:5   | Lost mutation: Your spells are harder to cast, but more
                  | powerful. [Xom's mischief]
 14979 | Lair:5   | Lost mutation: Your muscles are strong. (Str +4, Int/Dex
                  | -1) [Xom's mischief]
 14979 | Lair:5   | Gained mutation: You possess an exceptional clarity of
                  | mind. [Xom's mischief]
 14981 | Lair:5   | XOM: chaos cloud
 15014 | Lair:5   | XOM: give mutation
 15014 | Lair:5   | Lost mutation: You are very robust. (+20% HP) [Xom's
                  | mischief]
 15035 | Lair:5   | XOM: enchant monster (good)
 15115 | Lair:5   | XOM: noise
 15117 | Lair:5   | XOM: enchant monster (good)
 15206 | Lair:5   | XOM: noise
 15209 | Lair:5   | XOM: potion effect (brilliance)
 15389 | Lair:5   | XOM: swap monsters
 15501 | Lair:5   | Reached skill level 15 in Fighting
 15774 | Lair:5   | Noticed Rupert
 15831 | Lair:5   | XOM: cloud trail
 15850 | Lair:5   | Found a staircase to the Slime Pits.
 15850 | Lair:5   | Found a viscous altar of Jiyva.
 15857 | Lair:5   | XOM: divination: detect items
 16117 | Lair:5   | XOM: cast spell 'Cause Fear'
 16239 | Orc:1    | Entered Level 1 of the Orcish Mines
 16265 | Orc:1    | Found Koitoizo's Assorted Antiques.
 16278 | Orc:1    | Bought a scroll labelled UTRUSOPHYT for 27 gold pieces
 16447 | Orc:1    | XOM: confuse monster(s)
 16449 | Orc:1    | Noticed an orc warlord
 16454 | Orc:1    | XOM: enchant monster (good)
 16465 | Orc:1    | XOM: smoke on damage
 16539 | D:9      | XOM: noise
 16547 | D:9      | Killed an orc warlord
 16548 | D:9      | Reached XP level 15. HP: 101/183 MP: 15/15
 16743 | Orc:2    | Entered Level 2 of the Orcish Mines
 16770 | Orc:1    | XOM: noise
 16857 | Orc:1    | Lost mutation: You possess an exceptional clarity of mind.
                  | [potion of mutation]
 16857 | Orc:1    | Lost mutation: You are robust. (+10% HP) [potion of
                  | mutation]
 16857 | Orc:1    | Lost mutation: You have large cloven feet. [potion of
                  | mutation]
 16906 | Orc:1    | XOM: 1-stop teleportation journey
 16926 | Orc:2    | XOM: cast spell 'Summon Small Mammal'
 16928 | Orc:2    | XOM: enchant monster (good)
 16991 | Orc:1    | XOM: divination: detect items
 17086 | Orc:2    | Found a staircase to the Elven Halls.
 17097 | Orc:2    | Found Cufu's Antique Armour Shop.
 17419 | Orc:2    | XOM: silly message
 17506 | Orc:2    | XOM: potion effect (haste)
 17708 | Orc:2    | XOM: silly message
 17745 | Orc:2    | XOM: potion effect (might)
 17878 | Orc:2    | XOM: chaos upgrade
 17880 | Orc:2    | XOM: divine lightning
 18039 | Orc:2    | Paralysed by something for 4 turns
 18044 | Orc:2    | XOM: scenery: summon butterflies
 18044 | Orc:2    | HP: 5/167 [hellwing[an orc sorcerer] (4)]
 18045 | Orc:2    | Slain by a red devil

Illustrated notes

Levels and vault maps discovered:
D:1:      dpeg_arrival_ratfight, layout_basic
D:2:      layout_basic, basic_altar, grunt_ministairs_13
D:3:      layout_loops_cross, marbit_many_paths, grunt_ministairs_3
D:4:      gammafunk_cloud_chamber, layout_basic, elyvilon_altar_4,
          nicolae_eternal_life
D:5:      layout_layer_cave, led_xom_imps
D:6:      dreamdust_elfheim, layout_loops_ring, mainiacjoe_overflow_catwalk,
          hangedman_decor_lopped, minmay_crystal_water, minmay_nine_imps,
          uniq_edmund
D:7:      layout_basic, minmay_temple_entry_sparse_star, serial_shops, shop,
          uniq_pikel
D:8:      layout_cave_pools, mainiacjoe_overflow_alcove_2,
          gammafunk_ghost_grave, uniq_amaemon, uniq_maggie, uniq_psyche,
          uniq_maurice, uniq_jeremiah
D:9:      layout_stronghold, tgw_trog, minmay_orc_entry_guard_dogs, eino_jars,
          uniq_erica, uniq_prince_ribbit1
D:10:     layout_roguey, david_lair_shrubbed, ebering_ghost_inner_flame,
          worms_lemuel
Lair:1:   layout_chaotic_city, nicolae_quartered_pool_little,
          infiniplex_staircase_pool
Lair:2:   layout_cave_pods, minmay_shoals_entry_lonely_mermaid,
          beast_lair_carwin_5, grunt_megastairs_3, serial_bayou_shore_b,
          serial_bayou_shore_b
Lair:3:   layout_long_grid, nicolae_snake_entry_squirm
Lair:4:   pond_and_an_island_with_a_cottage, layout_gridlike
Lair:5:   grunt_lair_end_beastmaster, layout_gridlike,
          nicolae_slime_entry_slimehenge, chequers_serial_rivers_room_b,
          minmay_lair_oklob_bushes, st_stairs_11, uniq_rupert, uniq_sonja
Orc:1:    layout_diamond_mine, serial_shops, shop
Orc:2:    grunt_orc_tribal_feast, layout_caves, serial_shops,
          nicolae_shop_window_shopping, statue_in_the_mist_lemuel

Skill      XL: |  1  2  3  4  5  6  7  8  9 10 11 12 13 14 |
---------------+-------------------------------------------+-----
Dodging        | 2 3 4 5 6 7 8 9 10 | 10.8
Stealth        | 4 |  4.2
Axes           | 1 2 |  2.7
Fighting       | 5 6 8 9 10 11 13 14 15 | 15.5
Long Blades    | 2 4 6 7 9 10 11 13 14 | 14.6
Evocations     | 2 4 5 6 7 8 |  8.4
Armour         | 2 4 5 7 8 |  8.7
Maces & Flails | |  2.3

Action                     |  1- 3 |  4- 6 |  7- 9 | 10-12 | 13-15 || total
---------------------------+-------+-------+-------+-------+-------++-------
  Melee: Mace              |    22 |       |       |       |       ||    22
         Headbutt          |     6 |    16 |    30 |    71 |   165 ||   288
         Hand axe          |    35 |   121 |       |       |       ||   156
         Punch             |       |     2 |       |     5 |     8 ||    15
         Long sword        |       |    23 |   141 |   382 |   632 ||  1178
         Kick              |       |       |       |   103 |   220 ||   323
         Scimitar          |       |       |       |       |    21 ||    21
         Unarmed           |       |       |       |       |     5 ||     5
  Evoke: Wand              |       |       |     6 |     5 |    11 ||    22
    Use: Scroll            |     1 |     3 |     2 |    16 |     8 ||    30
         Potion            |     1 |     2 |       |     3 |     5 ||    11
   Stab: Sleeping          |     5 |    15 |    13 |     5 |    13 ||    51
         Confused          |       |       |     1 |       |       ||     1
         Distracted        |       |       |       |     4 |     1 ||     5
         Betrayed ally     |       |       |       |       |     1 ||     1
         Petrified         |       |       |       |       |     4 ||     4
         Paralysed         |       |       |       |       |     2 ||     2
         Petrifying        |       |       |       |       |     1 ||     1
 Armour: Robe              |    44 |    90 |    60 |       |       ||   194
         Steam dragon scal |       |       |     8 |    73 |       ||    81
         Troll leather arm |       |       |       |   208 |   429 ||   637
         Skin              |       |       |       |       |     3 ||     3
  Dodge: Dodged            |    28 |    81 |    72 |   296 |   489 ||   966

Table legend: (Time is in decaauts)
 A = Elapsed time spent in this place.
 B = Non-inter-level travel time spent in this place.
 C = Inter-level travel time spent in this place.
 D = Time resting spent in this place.
 E = Time spent auto-exploring this place.
 F = Levels seen in this place.
 G = Mean time per level.
                   A        B        C        D        E       F      G
               +--------+--------+--------+--------+--------+-----+--------+
         Total |  17843 |  17175 |    668 |   2722 |  11132 |  17 | 1049.6 |
       Dungeon |  10781 |  10384 |    397 |   1589 |   7034 |  10 | 1078.1 |
          Lair |   5441 |   5213 |    228 |    653 |   3408 |   5 | 1088.2 |
  Orcish Mines |   1620 |   1578 |     42 |    480 |    690 |   2 |  810.0 |
               +--------+--------+--------+--------+--------+-----+--------+

Top non-repeatable levels by time:
     D:9: 1713 daAuts
     D:5: 1562 daAuts
  Lair:4: 1410 daAuts
    D:10: 1318 daAuts
  Lair:5: 1266 daAuts
     D:4: 1196 daAuts
  Lair:2: 1175 daAuts
     D:2: 1057 daAuts
   Orc:1: 1043 daAuts
     D:6: 1031 daAuts
     D:3: 939 daAuts
     D:1: 920 daAuts
  Lair:1: 906 daAuts
     D:7: 726 daAuts
  Lair:3: 682 daAuts
